 Dungeon Sprint DCSS version 0.27-a0-67-g4bfc8a49e1 (webtiles) character file.

Game seed: 5263777648845664120

25499 mhtbhm the Sorcerer (level 12, -8/59 HPs)
             Began as a Deep Elf Earth Elementalist on Jan 10, 2021.
             Was the Champion of Vehumet.
             Shot with a bolt by a yaktaur captain (40 damage)
             ... in the Dungeon (Sprint III: "The Ten Rune Challenge").
             The game lasted 00:15:12 (3461 turns).

mhtbhm the Sorcerer (Deep Elf Earth Elementalist)   Turns: 3461, Time: 00:15:13

Health: -8/59      AC: 12    Str:  5    XL:     12   Next: 90%
Magic:  40/44      EV: 15    Int: 28    God:    Vehumet [******]
Gold:   1008       SH:  0    Dex: 19    Spells: 32/63 levels left

rFire    + + .     SeeInvis .   A - +3 Elemental Staff {rElec rF++ rC++ Will++ AC+5}
rCold    + + +     Faith    .   (no shield)
rNeg     + + .     Spirit   .   c - +2 robe {rC+}
rPois    +         Reflect  .   C - +1 hat
rElec    +         Harm     .   (no cloak)
rCorr    .         Rampage  .   i - +1 pair of gloves {Dex+3}
Will     +++..     NoTele   +   (no boots)
Stlth    +++++.....             (no amulet)
HPRegen  0.19/turn              y - ring "Xoonk" {rElec rPois rN++ Dex-5 Stlth+}
MPRegen  0.29/turn              s - ring "Ecaloane" {rPois Int+2 Dex+6}

@: no status effects
A: no striking features
a: Renounce Religion


You were in the Dungeon.
You worshipped Vehumet.
Vehumet was exalted by your worship.
You visited 1 branch You collected 2557 gold pieces.
You spent 1549 gold pieces at shops.

Inventory:

Hand Weapons
 A - the +3 Elemental Staff (weapon) {rElec rF++ rC++ Will++ AC+5}
   (You found it in the Dungeon)

   It affects your AC (+5).
   It greatly protects you from fire.
   It greatly protects you from cold.
   It insulates you from electricity.
   It affects your willpower, your defense against some magical effects.
Missiles
 b - 17 stones
 v - 7 curare-tipped darts
Armour
 c - a +2 robe of cold resistance (worn)
 i - a +1 pair of gloves of dexterity (worn)
 C - a +1 hat (worn)
Magical Staves
 B - an uncursed staff of earth
Jewellery
 q - the ring of Free Expression {Ice rElec Str+2 Stlth+}
   (You took it off a deep elf blademaster in the Dungeon)

   [ring of ice]

   It enhances your ice magic.
   It affects your strength (+2).
   It makes you vulnerable to fire.
   It protects you from cold.
   It insulates you from electricity.
   It makes you more stealthy.
 s - the ring "Ecaloane" (right hand) {rPois Int+2 Dex+6}
   (You took it off a deep elf mage in the Dungeon)

   [ring of dexterity]

   It affects your intelligence (+2).
   It affects your dexterity (+6).
   It protects you from poison.
 t - the ring of the Monkey's Uncle {Ice Str+4 SInv Stlth+}
   (You took it off a deep elf death mage in the Dungeon)

   [ring of ice]

   It enhances your ice magic.
   It affects your strength (+4).
   It makes you vulnerable to fire.
   It protects you from cold.
   It lets you see invisible.
   It makes you more stealthy.
 y - the ring "Xoonk" (left hand) {rElec rPois rN++ Dex-5 Stlth+}
   (You found it in the Dungeon)

   [ring of stealth]

   It affects your dexterity (-5).
   It insulates you from electricity.
   It protects you from poison.
   It greatly protects you from negative energy.
   It makes you more stealthy.
 z - a +6 ring of intelligence
Wands
 u - a wand of iceblast (4)
 w - a wand of paralysis (9)
 D - a wand of disintegration (12)
Scrolls
 a - a scroll of holy word
 e - a scroll of blinking
 j - 3 scrolls of identify
 k - 3 scrolls of remove curse
 m - 2 scrolls of immolation
 r - 5 scrolls of amnesia
Potions
 d - a potion of curing
 f - a potion of haste
 g - a potion of magic
 h - 2 potions of berserk rage
 l - a potion of flight
 n - 5 potions of mutation
 o - a potion of might
 x - a potion of heal wounds
Miscellaneous
 p - a phantom mirror


   Skills:
 + Level 4.9 Dodging
 + Level 6.2 Stealth
 + Level 26.1 Spellcasting
 + Level 3.2 Conjurations
 + Level 4.6 Transmutations
 + Level 1.6 Air Magic
 + Level 23.5 Earth Magic
 + Level 1.8 Poison Magic
 + Level 0.7 Evocations


You had 32 spell levels left.
You knew the following spells:

 Your Spells              Type           Power        Failure   Level
a - Sandblast             Erth           100%         0%          1
b - Passwall              Tmut/Erth      89%          0%          2
c - Stone Arrow           Conj/Erth      100%         0%          3
d - Lee's Rapid Deconstr  Erth           64%          0%          5
e - Petrify               Tmut/Erth      100%         1%          4
f - Mephitic Cloud        Conj/Pois/Air  65%          1%          3
g - Shatter               Erth           64%          1%          9
h - Sticky Flame          Conj/Fire      62%          1%          4

Your spell library contained the following spells:

 Spells                   Type           Power        Failure   Level
 Iron Shot                Conj/Erth      52%          1%          6
 Magic Dart               Conj           100%         1%          1
 Blink                    Tloc           N/A          1%          2
 Call Imp                 Summ           36%          1%          2
 Searing Ray              Conj           100%         1%          2
 Slow                     Hex            36%          1%          2
 Conjure Flame            Conj/Fire      62%          1%          3
 Dazzling Flash           Conj/Hex       90%          1%          3
 Static Discharge         Conj/Air       66%          1%          3
 Fulminant Prism          Conj/Hex       22%          1%          4
 Iskenderun's Mystic Bla  Conj/Tloc      45%          1%          4
 Lightning Bolt           Conj/Air       33%          2%          5
 Haunt                    Necr/Summ      18%          100%        7
 Borgnjor's Revivificati  Necr           18%          100%        8
 Ignition                 Fire           26%          100%        8
 Infestation              Necr           18%          100%        8
 Necromutation            Tmut/Necr      24%          100%        8
 Death's Door             Necr           18%          100%        9
 Tornado                  Air            31%          100%        9


Dungeon Overview and Level Annotations

Branches:
Dungeon (1/1)

Altars:
Cheibriados
Dithmenos
Elyvilon
Fedhas
Gozag
Hepliaklqana
Kikubaaqudgha
Makhleb
Nemelex Xobeh
Okawaru
Qazlal
Ru
Sif Muna
Trog
Uskayaw
Vehumet
Wu Jian
Xom
Yredelemnul
Zin
The Shining One
Beogh
Jiyva
Lugonu

Shops:
D (*![*[:?=}(*


Message History

Unknown command.
Unknown command.
You start resting.
Magic restored.
Unknown command.
You start resting.
A yaktaur captain is nearby!
Unknown command.
Casting: Mephitic Cloud (safe; 1% risk of failure)
Confirm with . or Enter, or press ? or * to list all spells.
Aiming: Petrify (safe; 1% risk of failure)
Press: ? - help, Shift-Dir - straight line, f - yaktaur captain, p - bush
Aim: a yaktaur captain, quivering 8 bolts (chance to affect: 59%)
You feel a surge of power!
The yaktaur captain resists with significant effort.
The yaktaur captain wields a +1 arbalest of chaos.
It is briefly surrounded by a scintillating aura of random colours.
The yaktaur captain shoots a bolt.
The bolt hits you!!!
Ouch! That really hurt!
You die... # ≈# ≈§≈ ############ ≈≈≈ #|..#}..#[.# #§≈ #...#...#..# PP c§ ##'###'##..# PcP ###.......'..# .PPP.

##.#.#####.####c.....
#####..'.#(..'.#@('......
....'..#######.'(.#......
########.. ..#÷#### .....
#.∩⌠⌠∩.#..#..#.#..# ....
#.∩⌠⌠∩.#.#)#.#.'..# ...
#.∩∩∩∩.#....)#)#..# ..
#.∩∩.∩.#.....#)#..# .
#......#.#.#.'.#..#
###''###..#..#.#).#


You could see a yaktaur captain.

Vanquished Creatures
  A deep elf blademaster (D)
  Harold (D)
  A deep elf demonologist (D)
  2 deep elf annihilators (D)
  A fire dragon (D)
  A yaktaur captain (D)
  2 deep elf death magi (D)
  Erolcha (D)
  A centaur warrior (D)
  4 dancing weapons (D)
  4 orc high priests (D)
  2 deep elf knights (D)
  An obsidian statue (D)
  Joseph (D)
  An ugly thing (D)
  5 deep elf magi (D)
  4 crystal guardians (D)
  A cyclops (shapeshifter) (D)
  A glowing shapeshifter (D)
  A moth of wrath (shapeshifter) (D)
  4 spriggan defenders (D)
  3 wandering mushrooms (D)
  2 slime creatures (D)
  2 redbacks (D)
  A shadow (D)
  A spatial vortex (D)
  2 orc warriors (D)
  A necrophage (D)
  5 two-headed ogres (D)
  A water elemental (D)
  A scorpion (D)
  5 orc priests (D)
  A wizard (D)
  A jelly (D)
  An orc wizard (D)
  Jessica (D)
  A necromancer (D)
  A kobold demonologist (D)
  3 humans (D)
  2 oozes (D)
  9 orcs (D)
  A goblin (D)
85 creatures vanquished.

Vanquished Creatures (others)
  A bush (D)
  9 plants (D)
10 creatures vanquished.

Grand Total: 95 creatures vanquished

Notes
Turn   | Place    | Note
-------+----------+-------------------------------------------
     0 | D        | mhtbhm the Deep Elf Earth Elementalist began the quest for
                  | the Orb.
     0 | D        | Reached XP level 1. HP: 10/10 MP: 6/6
     5 | D        | Reached skill level 4 in Spellcasting
     5 | D        | Reached XP level 2. HP: 9/15 MP: 5/9
   124 | D        | Learned a level 2 spell: Passwall
   161 | D        | Noticed Jessica
   162 | D        | Killed Jessica
   163 | D        | Reached skill level 5 in Spellcasting
   163 | D        | Reached XP level 3. HP: 19/19 MP: 8/11
   201 | D        | Learned a level 3 spell: Stone Arrow
   276 | D        | Noticed a scorpion
   280 | D        | Killed a scorpion
   281 | D        | Reached skill level 6 in Spellcasting
   281 | D        | Reached XP level 4. HP: 24/24 MP: 10/14
   307 | D        | Noticed a water elemental
   310 | D        | Killed a water elemental
   311 | D        | Reached skill level 7 in Spellcasting
   311 | D        | Reached XP level 5. HP: 28/28 MP: 12/17
   348 | D        | Learned a level 5 spell: Lee's Rapid Deconstruction
   353 | D        | Learned a level 4 spell: Petrify
   358 | D        | Found a radiant altar of Vehumet.
   358 | D        | Found a shimmering blue altar of Sif Muna.
   358 | D        | Found an ancient bone altar of Kikubaaqudgha.
   362 | D        | Reached skill level 8 in Spellcasting
   411 | D        | Learned a level 3 spell: Mephitic Cloud
   498 | D        | Found a glowing silver altar of Zin.
   498 | D        | Found a glowing golden altar of the Shining One.
   498 | D        | Found a white marble altar of Elyvilon.
   498 | D        | Noticed a deep elf mage
   500 | D        | Killed a deep elf mage
   501 | D        | Reached skill level 5 in Stealth
   501 | D        | Reached skill level 12 in Spellcasting
   501 | D        | Reached skill level 1 in Conjurations
   501 | D        | Reached XP level 6. HP: 32/32 MP: 8/23
   501 | D        | Reached XP level 7. HP: 36/36 MP: 8/24
   587 | D        | Found a hide-covered altar of Uskayaw.
   587 | D        | Found a roughly hewn altar of Beogh.
   587 | D        | Found an iron altar of Okawaru.
   587 | D        | Found a bloodstained altar of Trog.
   587 | D        | Found an ornate altar of the Wu Jian Council.
   587 | D        | Noticed a human
   587 | D        | Noticed a human
   589 | D        | Killed a human
   589 | D        | Killed a human
   590 | D        | Reached skill level 13 in Spellcasting
   649 | D        | Found a basalt altar of Yredelemnul.
   649 | D        | Found a shadowy altar of Dithmenos.
   649 | D        | Found a sacrificial altar of Ru.
   652 | D        | Reached XP level 8. HP: 41/41 MP: 15/27
   714 | D        | Reached skill level 14 in Spellcasting
   757 | D        | Found a blossoming altar of Fedhas.
   757 | D        | Found a stormy altar of Qazlal.
   757 | D        | Found a snail-covered altar of Cheibriados.
   757 | D        | Found a burning altar of Makhleb.
   757 | D        | Found a shimmering altar of Xom.
   758 | D        | Found a hazy altar of Hepliaklqana.
   758 | D        | Found an opulent altar of Gozag.
   758 | D        | Found a sparkling altar of Nemelex Xobeh.
   758 | D        | Found a corrupted altar of Lugonu.
   758 | D        | Found a viscous altar of Jiyva.
   848 | D        | Reached skill level 15 in Spellcasting
   935 | D        | Noticed a two-headed ogre
   939 | D        | Killed a two-headed ogre
  1059 | D        | Became a worshipper of Vehumet
  1093 | D        | Reached * piety under Vehumet
  1093 | D        | Offered knowledge of Freeze by Vehumet.
  1094 | D        | Reached skill level 15 in Earth Magic
  1094 | D        | Reached ** piety under Vehumet
  1095 | D        | Noticed an orc high priest
  1098 | D        | Reached skill level 16 in Spellcasting
  1098 | D        | Reached XP level 9. HP: 32/45 MP: 6/31
  1102 | D        | Killed an orc high priest
  1103 | D        | Reached skill level 17 in Spellcasting
  1103 | D        | Reached *** piety under Vehumet
  1103 | D        | Noticed an orc high priest
  1105 | D        | Reached **** piety under Vehumet
  1106 | D        | Killed an orc high priest
  1107 | D        | Reached skill level 18 in Spellcasting
  1189 | D        | Found Sootav's Weapon Emporium.
  1288 | D        | Noticed a deep elf mage
  1288 | D        | Noticed a deep elf mage
  1288 | D        | Noticed a deep elf mage
  1288 | D        | Noticed a deep elf knight
  1288 | D        | Noticed a deep elf knight
  1296 | D        | Killed a deep elf knight
  1296 | D        | Offered knowledge of Foxfire by Vehumet.
  1296 | D        | Reached ***** piety under Vehumet
  1297 | D        | Killed a deep elf mage
  1298 | D        | Reached XP level 10. HP: 50/50 MP: 25/34
  1298 | D        | Killed a deep elf mage
  1299 | D        | Reached skill level 19 in Spellcasting
  1299 | D        | Killed a deep elf mage
  1300 | D        | Killed a deep elf knight
  1304 | D        | Noticed a deep elf demonologist
  1305 | D        | Noticed a deep elf annihilator
  1307 | D        | Killed a deep elf demonologist
  1308 | D        | Reached skill level 20 in Spellcasting
  1316 | D        | Noticed a deep elf blademaster
  1416 | D        | Identified the ring of Free Expression {Ice rElec Str+2
                  | Stlth+}
  1418 | D        | Identified the ring of the Monkey's Uncle {Ice Str+4 SInv
                  | Stlth+}
  1418 | D        | Noticed a deep elf death mage
  1418 | D        | Noticed a deep elf death mage
  1420 | D        | Identified the ring "Ecaloane" {rPois Int+2 Dex+6}
  1420 | D        | Noticed a deep elf mage
  1528 | D        | Noticed a deep elf annihilator
  1529 | D        | Identified the cursed ring "Soot" {rN+++ EV-4 Slay-3}
  1531 | D        | Killed a deep elf annihilator
  1531 | D        | Killed a deep elf annihilator
  1531 | D        | Offered knowledge of Frozen Ramparts by Vehumet.
  1532 | D        | Reached skill level 21 in Spellcasting
  1533 | D        | Killed a ghostly deep elf annihilator
  1534 | D        | Reached XP level 11. HP: 54/54 MP: 26/38
  1536 | D        | Killed a deep elf death mage
  1539 | D        | Killed a deep elf mage
  1539 | D        | Reached ****** piety under Vehumet
  1568 | D        | Killed a deep elf death mage
  1569 | D        | Reached skill level 22 in Spellcasting
  1727 | D        | Killed a deep elf blademaster
  1727 | D        | Offered knowledge of Dazzling Flash by Vehumet.
  1777 | D        | Found the +3 Elemental Staff {rElec rF++ rC++ Will++ AC+5}
  1781 | D        | Got a brightly glowing silver ring
  1806 | D        | Identified the ring "Xoonk" {rElec rPois rN++ Dex-5 Stlth+}
                  | (You found it in the Dungeon)
  1888 | D        | Learned a level 9 spell: Shatter
  1905 | D        | Noticed Erolcha
  1907 | D        | Offered knowledge of Sticky Flame by Vehumet.
  1909 | D        | Killed Erolcha
  1910 | D        | Reached skill level 23 in Spellcasting
  1994 | D        | Learned a level 4 spell: Sticky Flame
  2070 | D        | Noticed Harold
  2071 | D        | Noticed Joseph
  2078 | D        | Killed Joseph
  2078 | D        | Offered knowledge of Olgreb's Toxic Radiance by Vehumet.
  2079 | D        | Killed Harold
  2080 | D        | Reached skill level 1 in Air Magic
  2080 | D        | Reached skill level 1 in Poison Magic
  2080 | D        | Reached XP level 12. HP: 59/59 MP: 22/41
  2162 | D        | Noticed a yaktaur captain
  2177 | D        | Reached skill level 24 in Spellcasting
  2557 | D        | Killed a yaktaur captain
  2779 | D        | Offered knowledge of Orb of Destruction by Vehumet.
  2815 | D        | Found Ogreanlov's Book Emporium.
  2815 | D        | Found Leapp's Assorted Antiques.
  2815 | D        | Found Tenost's General Store.
  2815 | D        | Found Uxoururu's Armour Boutique.
  2815 | D        | Found Loheufoeg's Magic Scroll Emporium.
  2815 | D        | Found Ziema's Antique Armour Shoppe.
  2815 | D        | Found Kigopigi's Antique Weapon Shop.
  2815 | D        | Found Wineaf's Distillery.
  2815 | D        | Found Huylack's Gadget Emporium.
  2815 | D        | Found Teonne Gier's Assorted Antiques.
  2815 | D        | Found Hyasosuu's Jewellery Boutique.
  2849 | D        | Bought a pair of runed gloves for 172 gold pieces
  2849 | D        | Bought a pair of glowing gloves for 172 gold pieces
  2882 | D        | Bought a scroll of blinking for 150 gold pieces
  2886 | D        | Bought a potion of heal wounds for 65 gold pieces
  2886 | D        | Bought a potion of heal wounds for 65 gold pieces
  2890 | D        | Bought a +6 ring of intelligence for 760 gold pieces
  2893 | D        | Bought a +1 hat for 121 gold pieces
  2898 | D        | Bought a scroll of identify for 22 gold pieces
  2898 | D        | Bought a scroll of identify for 22 gold pieces
  3042 | D        | Offered knowledge of Starburst by Vehumet.
  3066 | D        | Reached skill level 25 in Spellcasting
  3093 | D        | Noticed a centaur warrior
  3094 | D        | Killed a centaur warrior
  3114 | D        | Noticed a fire dragon
  3120 | D        | Killed a fire dragon
  3277 | D        | Offered knowledge of Iron Shot by Vehumet.
  3286 | D        | Reached skill level 26 in Spellcasting
  3425 | D        | Noticed a yaktaur captain
  3461 | D        | Shot with a bolt by a yaktaur captain

Illustrated notes

Levels and vault maps discovered:
D:        dungeon_sprint_mu [sprint_mu_entry_forest, sprint_mu_temple_rooms,
          sprint_mu_d1_spiders, sprint_mu_d2_genie, sprint_mu_d3_branching,
          sprint_mu_orc_legion, sprint_mu_elf_gauntlet, sprint_mu_hive_nellie,
          sprint_mu_lair_fedhas, sprint_mu_vaults_butterflies,
          sprint_mu_slime_circle, sprint_mu_shoals_kraken,
          sprint_mu_snake_twists, sprint_mu_blade_basic,
          sprint_mu_crypt_chambers, sprint_mu_tomb_spiral,
          sprint_mu_vestibule_basic, sprint_mu_gehenna_hellfire,
          sprint_mu_dis_giant, sprint_mu_tartarus_statrot,
          sprint_mu_cocytus_islands, sprint_mu_zot1]

Skill      XL: |  1  2  3  4  5  6  7  8  9 10 11 12 |
---------------+-------------------------------------+-----
Earth Magic    | 4 6 7 9 12 13 15 17 19 21 23 | 23.5
Spellcasting   | 4 5 6 7 12 13 16 18 21 23 26 | 26.1
Dodging        | 3 4 |  4.9
Stealth        | 3 4 5 6 |  6.2
Transmutations | 2 3 4 |  4.6
Conjurations   | 1 2 3 |  3.2
Air Magic      | 1 |  1.6
Poison Magic   | 1 |  1.8
Evocations     | |  0.7

Action                   |  1- 3 |  4- 6 |  7- 9 | 10-12 || total
-------------------------+-------+-------+-------+-------++-------
Melee: Staff             |       |       |       |     2 ||     2
 Cast: Sandblast         |    10 |     3 |       |       ||    13
       Passwall          |     2 |       |     2 |       ||     4
       Stone Arrow       |     1 |       |       |     9 ||    10
       Lee's Rapid Decon |       |     5 |    30 |    64 ||    99
       Mephitic Cloud    |       |       |       |     7 ||     7
       Petrify           |       |       |       |     2 ||     2
Evoke: Wand              |       |       |       |     1 ||     1
  Use: Potion            |       |       |     2 |     4 ||     6
       Scroll            |       |       |       |     4 ||     4
Armor: Robe              |       |       |       |     2 ||     2
Dodge: Dodged            |     4 |     1 |     3 |     5 ||    13

Table legend: (Time is in decaauts)
 A = Elapsed time spent in this place.
 B = Non-inter-level travel time spent in this place.
 C = Inter-level travel time spent in this place.
 D = Time resting spent in this place.
 E = Time spent auto-exploring this place.
 F = Levels seen in this place.
 G = Mean time per level.
                   A        B        C        D        E       F      G
               +--------+--------+--------+--------+--------+-----+--------+
         Total |   3463 |   3447 |     16 |   2309 |      1 |   1 | 3463.0 |
       Dungeon |   3463 |   3447 |     16 |   2309 |      1 |   1 | 3463.0 |
               +--------+--------+--------+--------+--------+-----+--------+

Top non-repeatable levels by time:
       D: 3463 daAuts
